Get step-by-step instructions on how to execute this build order below. Start the game timer, and the build order will tick by so you can play in parallel with StarCraft on a second screen or mobile device.

Game Time

  0:00

Last Step

  N/A

Next Step

  12  0:00  Probe  

Upcoming Step

  13  0:12  Probe  

Don't want to look back and forth between 2 screens? Try out our Overwolf App, the Spawning Tool Build Advisor to get an in-game overlay with this build!

Complete Build Order

  12  0:00  Probe  
  13  0:12  Probe  
  14  0:19  Pylon  
  14  0:24  Probe  
  15  0:38  Gateway, Probe  
  16  0:46  Probe  
  16  0:55  Pylon  
  16  0:56  Probe  
  18  1:08  Assimilator  
  18  1:20  Zealot  
  18  1:32  Gateway  
  20  1:34  Forge  
  20  1:41  Probe  
  20  1:43  Zealot  
  21  2:06  Photon Cannon  
  21  2:08  Photon Cannon  
  21  2:18  Photon Cannon  
  21  2:25  Pylon  
  21  2:36  Pylon